Cogmind - Beta 15 @@@ ROGUE MODE // 2025.10.13 @ 20:48:11 Player: chebyrekser Result: Destroyed by YI-UF0 with YI-UF0's Doublenader Performance ------------- Evolutions (0) 0 Regions Visited (2) 400 Robots Destroyed (44) 220 Value Destroyed (662) 662 Prototype IDs (0) 0 Alien Tech Used (0) 0 Bonus (0) 0 TOTAL SCORE: 1282 Bonus ------- None Cogmind --------- Core Integrity 0/250 Matter 299/300 Energy 100/100 System Corruption 0% Temperature Cool (0) Movement Rolling (125) Ox3 Location -10/Mines Parts ------- > --- POWER (1) -------- (None) > --- PROPULSION (2) --- Wheel > --- UTILITY (2) ------ High-capacity Storage Unit > --- WEAPON (2) ------- (None) > --- INVENTORY (20) --- Ion Engine Light Ion Engine Light Treads Light Treads Light Treads Light Treads Heat Sink Heat Sink Medium Storage Unit Large Matter Pod (150) Visual Processing Unit Seismic Detector Seismic Detector Transport Network Coupler Transport Network Coupler Assault Rifle Assault Rifle Grenade Launcher Rocket Launcher Hammer Peak State ------------ > --- POWER ------------ Ion Engine > --- PROPULSION ------- Light Treads Compact Wheel > --- UTILITY ---------- High-capacity Storage Unit Seismic Detector > --- WEAPON ----------- Assault Rifle Hammer > --- INVENTORY -------- Ion Engine Light Ion Engine Light Treads Light Treads Compact Wheel Heat Sink Medium Storage Unit Medium Matter Pod Visual Processing Unit Seismic Detector Transport Network Coupler Transport Network Coupler Light Armor Plating Assault Rifle Assault Rifle Assault Rifle Assault Rifle Light Cannon Grenade Launcher [Rating: 9] Favorites ----------- Power Ion Engine Engine Ion Engine Propulsion Light Treads Treads Light Treads Wheel Wheel Utility Seismic Detector Device Seismic Detector Storage High-capacity Storage Unit Protection Light Armor Plating Weapon Assault Rifle Ballistic Gun Assault Rifle Launcher Grenade Launcher Impact Weapon Hammer Build | -11 -10 -10 ------- Run | Yrd Mat Min Slots Evolved . | . . . Power . | . . . Propulsion . | . . . Utility . | . . . Weapon . | . . . Parts Attached 21 | 7 9 5 Power 3 | 1 . 2 Engine 3 | 1 . 2 Core . | . . . Reactor . | . . . Propulsion 5 | 2 1 2 Treads 1 | 1 . . Leg . | . . . Wheel 4 | 1 1 2 Hover . | . . . Flight . | . . . Utility 6 | 1 4 1 Device 2 | . 1 1 Storage 3 | 1 2 . Processor . | . . . Hackware . | . . . Protection 1 | . 1 . Artifact . | . . . Weapon 7 | 3 4 . Energy Gun . | . . . Energy Cannon . | . . . Ballistic Gun 5 | 3 2 . Ballistic Cannon . | . . . Launcher 1 | . 1 . Special Weapon . | . . . Impact Weapon 1 | . 1 . Slashing Weapon . | . . . Piercing Weapon . | . . . Special Melee Weapon . | . . . Unidentified Prototypes . | . . . Parts Lost 6 | . . 6 Power 1 | . . 1 Propulsion 1 | . . 1 Utility 2 | . . 2 Weapon 2 | . . 2 Highest Loss Streak 5 | . . 5 To Critical Strikes . | . . . Average Backups 14 | 5 13 19 Power 1 | . 1 2 Propulsion 3 | 3 3 3 Utility 5 | . 5 8 Weapon 4 | . 3 5 Tool/Special . | . . . Unused Backups 19 | . 3 16 Power 2 | . . 2 Propulsion 5 | . 2 3 Utility 8 | . . 8 Weapon 4 | . 1 3 Tool/Special . | . . . Average Slot Usage (%) 99 | . 99 99 Engine 13 | . 13 13 Treads 13 | . 13 13 Wheel 14 | . 14 14 Device 12 | . 13 10 Storage 14 | . 14 14 Protection 1 | . . 3 Ballistic Gun 24 | . 24 26 Impact Weapon 2 | . 3 . Peak Build Rating 9 | 6 9 9 Average Rating 7 | 5 7 8 On Entrance 5 | . 6 9 Naked Turns . | . . . Heaviest Build 53 | 14 53 53 Greatest Support 26 | 20 16 26 Greatest Overweight (x) 4 | 1 4 4 Average Overweight (x) 2 | . 2 3 Largest Inventory Capacity 20 | 8 20 20 Average Capacity 16 | 7 16 20 Most Carried 20 | 8 20 20 Average Carried 14 | 5 13 19 Final Capacity 20 | 8 20 20 Final Carried 20 | 8 20 20 Class Distribution -------------------- 100% | Mutant Dominant Class ---------------- Mutant | -10/Materials Mutant | -10/Mines Resources | -11 -10 -10 ----------- Run | Yrd Mat Min Matter Collected 1533 | 342 639 552 Remotely . | . . . Salvage Created 1300 | 205 705 390 Parts 85 | 15 40 30 Haulers Intercepted 2 | . 2 . Recyclers Shooed 2 | . . 2 Parts Field Recycled . | . . . Retrieved Matter . | . . . Parts Self-Destructed . | . . . Prevented . | . . . Kills | -11 -10 -10 ------- Run | Yrd Mat Min Combat Hostiles Destroyed 18 | . 14 4 Guns 14 | . 10 4 AOE 4 | . 4 . Classes Destroyed 8 | 2 6 . Worker 7 | . 2 5 Tunneler 12 | 5 1 6 Hauler 2 | . 2 . Recycler 2 | 1 1 . Operator 1 | . 1 . Watcher 2 | . 2 . Swarmer 6 | . 6 . Grunt 12 | . 8 4 Best Kill Streak 5 | 5 5 3 Combat Bots Only 5 | . 5 2 Max Kills in Single Turn 4 | 1 4 1 Gunslinging 1 | . 1 . Exploded 4 | . 4 . Melee . | . . . Uniques/NPCs Destroyed . | . . . Combat | -11 -10 -10 -------- Run | Yrd Mat Min Hostile Shots Fired 85 | . 59 26 Missed 19 | . 14 5 Hits 66 | . 45 21 Projectile 66 | . 45 21 AOE 11 | . . 11 Damage Taken 1109 | . 519 590 Core 259 | . 79 180 Absorbed by Shields . | . . . Regen/Repaired (Parts) 182 | . 182 . Core Remaining (%) 100 | 100 . . Volleys Fired 113 | 12 60 41 Largest 2 | 2 2 2 Hottest 40 | 40 40 40 Shots Fired 220 | 24 115 81 Gun 218 | 24 113 81 Cannon . | . . . Launcher 2 | . 2 . Special . | . . . Kinetic 218 | 24 113 81 Thermal . | . . . Explosive 2 | . 2 . Electromagnetic . | . . . Robot Hit Streak 16 | 7 7 16 Robot Miss Streak 5 | 2 5 4 Penetration Max . | . . . Secondary Targets 2 | . 2 . Max Gunslinging Chain 1 | . 1 . Shots Hit Robots 148 | 14 76 58 Core Hits 65 | 7 35 23 Critical Kills 1 | . 1 . Critical Parts Destroyed 2 | . . 2 Critical Strikes 3 | . 1 2 Destroy 2 | . . 2 Smash 1 | . 1 . Melee Attacks 23 | . 23 . Impact 23 | . 23 . Slashing . | . . . Piercing . | . . . Sneak Attacks 3 | . 3 . Combat Hostiles . | . . . Follow-up Attacks . | . . . Damage Inflicted 2186 | 181 1264 741 Guns 1816 | 181 894 741 Cannons . | . . . Explosions 217 | . 217 . Melee 153 | . 153 . Ramming . | . . . Kinetic 1816 | 181 894 741 Thermal . | . . . Explosive 217 | . 217 . Electromagnetic . | . . . Impact 153 | . 153 . Slashing . | . . . Piercing . | . . . Highest Corruption . | . . . Average Corruption . | . . . Corruption Purged . | . . . Corruption Blocked . | . . . Overload Shots . | . . . Overflow Damage 7 | . 7 . Projectiles . | . . . Explosions . | . . . Melee 7 | . 7 . Knockbacks . | . . . Impact . | . . . Kinetic . | . . . Secondary . | . . . Self-Inflicted Damage 29 | . 29 . Shots 1 | . 1 . Rammed . | . . . Targets Rammed . | . . . Kicked . | . . . Crushed . | . . . Highest Temperature 7 | 6 2 7 Average Temperature 2 | 6 2 3 Received Heat Transfer 318 | . 207 111 Siege Activations . | . . . Martial Activations . | . . . Shielding Activations . | . . . Robots Disrupted . | . . . Combat Hostiles . | . . . Robots Corrupted 1 | . 1 . Combat Hostiles . | . . . Parts Fried . | . . . Impact Corruptions 2 | . 2 . Robots Melted . | . . . Combat Hostiles . | . . . Parts Melted . | . . . Heat Transferred . | . . . Parts Sabotaged . | . . . Parts Stolen . | . . . Parts Stripped . | . . . Power Chain Reactions . | . . . Alert | -11 -10 -10 ------- Run | Yrd Mat Min Maximum Alert Level . | . . . Low Security (%) 100 | 100 100 100 Level 1 . | . . . Level 2 . | . . . Level 3 . | . . . Level 4 . | . . . Level 5 . | . . . High Security . | . . . Max Security . | . . . Peak Influence 154 | 15 154 70 Initial 19 | . . 19 Average 41 | 3 54 14 Influence Increases 735 | 30 550 155 Destroy 0b10 Robot/C 360 | . 280 80 Destroy 0b10 Robot/NC 130 | 30 45 55 Destroy Leader 78 | . 58 20 Successful Hack 28 | . 28 . Select Force Hacks 60 | . 60 . Destroy Structure 34 | . 34 . Lose Combat Pursuer 45 | . 45 . Influence Decreases 735 | 30 500 205 Entered New Map 31 | . . 31 Time Decay 695 | 30 500 165 Lost Part 9 | . . 9 Squads Dispatched 4 | . 4 . Investigation 3 | . 3 . Extermination . | . . . Reinforcement 1 | . 1 . Assault . | . . . Garrison . | . . . Intercept . | . . . Searches Triggered . | . . . Construction Impeded . | . . . Haulers Reinforced . | . . . Active Scanning Responses . | . . . Cargo Convoy Interrupts . | . . . Stealth | -11 -10 -10 --------- Run | Yrd Mat Min Distress Signals 3 | . 2 1 Communications Jammed . | . . . Distress Signals . | . . . Times Spotted 32 | . 27 5 Peak Tracking Total 5 | . 5 2 Tactical Retreats 3 | . 3 . Traps | -11 -10 -10 ------- Run | Yrd Mat Min Traps Triggered 1 | . 1 . Indirectly . | . . . Trap Hack Attempts . | . . . Triggered . | . . . Disarmed . | . . . Reprogrammed . | . . . Reused . | . . . Traps Extracted . | . . . Installed . | . . . Triggered . | . . . Machines | -11 -10 -10 ---------- Run | Yrd Mat Min Machines Disabled 1 | . 1 . Max in Single Turn 1 | . 1 . Machines Repaired . | . . . Machines Dismantled . | . . . Machines Sabotaged . | . . . Overloaded Fab Kills . | . . . Hacking | -11 -10 -10 --------- Run | Yrd Mat Min Machines Accessed 8 | . 8 . Terminals 5 | . 5 . Fabricators . | . . . Repair Stations 1 | . 1 . Recycling Units 2 | . 2 . Scanalyzers . | . . . Garrison Access . | . . . Total Hacks 27 | . 27 . Successful 15 | . 15 . Failed 12 | . 12 . Catastrophic 1 | . 1 . Database Lockouts . | . . . Manual 19 | . 19 . Terminals 17 | . 17 . Fabricators . | . . . Repair Stations 4 | . 4 . Recycling Units 6 | . 6 . Scanalyzers . | . . . Garrison Access . | . . . Terminal Hacks 3 | . 3 . Robot Analysis 3 | . 3 . Fabricator Hacks . | . . . Repair Station Hacks 4 | . 4 . Scan Component 2 | . 2 . Repair 2 | . 2 . Recycling Unit Hacks 3 | . 3 . Retrieve Components 3 | . 3 . Scanalyzer . | . . . Garrison Access Hacks . | . . . Unauthorized Hacks 5 | . 5 . Terminals 3 | . 3 . Assimilate 1 | . 1 . Botnet 1 | . 1 . Operators 1 | . 1 . Fabricators . | . . . Repair Stations . | . . . Recycling Units 2 | . 2 . Tunnel 2 | . 2 . Scanalyzers . | . . . Garrison Access . | . . . Data Cores Recovered . | . . . Used . | . . . Hacking Detections 6 | . 6 . Full Trace Events . | . . . Feedback Events . | . . . Feedback Blocked . | . . . Robot Schematics Acquired . | . . . Robots Built . | . . . Authchips . | . . . Time . | . . . Total Robot Build Rating . | . . . Part Schematics Acquired . | . . . Parts Built . | . . . Authchips . | . . . Time . | . . . Total Part Build Rating . | . . . Parts Repaired 2 | . 2 . Time 52 | . 52 . Parts Recycled . | . . . Recycled Matter . | . . . Retrieved Matter . | . . . Retrieved Components 20 | . 20 . Parts Scanalyzed . | . . . Part Schematics Acquired . | . . . Parts Damaged . | . . . Bothacking | -11 -10 -10 ------------ Run | Yrd Mat Min Used RIF Installer . | . . . Robots Hacked . | . . . Non-combat . | . . . Combat . | . . . Robot Hacks Applied . | . . . Relay Couplers Released . | . . . Fabnet Peak Effective % . | . . . Robots Rewired . | . . . Allies Hacked . | . . . Hacks Repelled . | . . . Allies | -11 -10 -10 -------- Run | Yrd Mat Min Total Allies . | . . . Largest Group . | . . . Highest-Rated Group . | . . . Highest-Rated Ally . | . . . Total Orders . | . . . Ally Attacks . | . . . Total Damage . | . . . Kills . | . . . Allies Corrupted . | . . . Allies Melted . | . . . Intel | -11 -10 -10 ------- Run | Yrd Mat Min Active Infowar (turns) 2236 | . 1749 487 Seismic 2236 | . 1749 487 Robot Analysis Total 3 | . 3 . Derelict Logs Recovered 1 | . . 1 Drone Launches . | . . . Drone Recoveries . | . . . Exploration | -11 -10 -10 ------------- Run | Yrd Mat Min Turns Passed 2570 | 137 1788 645 Spaces Moved 1460 | 88 1056 316 Core 1 | 1 . . Treads 1 | 1 . . Legs . | . . . Wheels 1458 | 86 1056 316 Hover . | . . . Flight . | . . . Fastest Speed 50 | 50 95 105 Average Speed 128 | 94 127 142 Slowest Speed 160 | 160 145 145 Overloaded Moves . | . . . Propulsion Burnouts . | . . . Robots Hopped . | . . . Potential Cave-ins . | . . . Cave-ins Triggered . | . . . Exploration Rate (%) 57 | 4 100 68 Regions Visited 2 Branch Regions 1 Pre-discovered Areas 2 | . 2 . Known Exits Taken . | . . . Unknown Exits Taken 2 | 1 1 . Scrap Searched 2 | . . 2 Spaces Dug 21 | . 21 . Terrain Destroyed 32 | . 32 . Melee 9 | . 9 . Projectile . | . . . AOE 23 | . 23 . Terrain Rammed . | . . . Walls Destroyed . | . . . Machines Disabled . | . . . Actions | -11 -10 -10 --------- Run | Yrd Mat Min Total 1878 | 114 1333 431 Wait 198 | . 147 51 Move 1458 | 87 1055 316 Hop . | . . . Pick Up 28 | 8 16 4 Fast Attach 9 | 6 2 1 Attach 2 | . 1 1 Detach . | . . . Swap 33 | 1 22 10 Drop 14 | . 7 7 Fire 113 | 12 60 41 Melee 23 | . 23 . Ram . | . . . Kick . | . . . Crush . | . . . Escape Stasis . | . . . Rewire . | . . . Trap . | . . . Miscellaneous . | . . . Route ------- -11/Scrapyard -10/Materials (discovered 5 exits: [*Mat x3] / [*Min] / [*Sub]) -10/Mines (discovered 1 exit: [*Mat]) History --------- Turn | Location | Event 21 | -11/Scrapyard | Discovered new exit (range 15) 138 | -11/Scrapyard | Entered Materials 328 | -10/Materials | Discovered new exit (range 4) 331 | -10/Materials | Build established: Mutant 466 | -10/Materials | Discovered new exit (range 12) 780 | -10/Materials | Discovered new exit (range 15) 1072 | -10/Materials | Repaired Lgt. Treads 1101 | -10/Materials | Repaired Ion Engine 1124 | -10/Materials | Discovered new exit (range 6) 1149 | -10/Materials | Discovered new exit (range 10) 1926 | -10/Materials | Entered Mines 1933 | -10/Mines | Received a Rocket Launcher from a helpful Derelict 1972 | -10/Mines | Discovered new exit (range 3) 2296 | -10/Mines | Learned Materials stockpile data 2566 | -10/Mines | Core integrity fell below 50% 2571 | -10/Mines | Destroyed by YI-UF0 with YI-UF0's Doublenader Last Messages --------------- 02527_ U-05 Engineer lays Concrete. 02528_ U-05 Engineer builds a Wall. 02537_ U-05 Engineer lays Concrete. 02538_ U-05 Engineer builds a Wall. 02543_ U-05 Engineer lays Concrete. 02544_ U-05 Engineer builds a Wall. 02553_ U-05 Engineer lays Concrete. 02556_ U-05 Engineer builds a Wall. 02560_ U-05 Engineer lays Concrete. 02560_ YI-UF0: "KAPOW!" 02560_ U-05 Engineer destroyed. 02562_ The unstable cave ceiling collapses. 02563_ Assault Rifle destroyed. 02565_ Ion Engine destroyed. 02567_ Lgt. Armor Plating destroyed. 02567_ YI-UF0: "BOOM!" 02567_ K-01 Serf destroyed. 02568_ The unstable cave ceiling collapses. 02569_ Assault Rifle destroyed. 02571_ Com. Wheel destroyed. Map ----- +----------------------------------------------------+ | #??##### ##?# """ #?# ##??????????????? | | #??????## ##??# """ #?# #???????????????? | | #???????# #???# """ #?# #???????????????? | | ##?????## ##???# #?# #???????????????? | | ##???## ##????##########?# #???????????????? | | ##### #????????????????# #???????????????? | | ## ##????????????????# #???????????????? | | ##?????????????????# #???????????????? | | ##??????????????????# #???????????????? | | ## ####*##???????????????????# #???????????????? | | ## #??# #????????????????????# #???????????????? | | ## #??#=#????????????????????# #???????????????? | | ## #??#%#??????????########### #???????????????? | | #??#|#??????????# #???????????????? | | ### #??#=#??????????# ###########???????????????? | | ??# #??# #??????????# #?????????????????????????? | | ??# #??# #??????????# #?????????????????????????? | | ??# #??# #???????#### #?????????????????????????? | | ??# #??# #???????# #?????????????????????????? | | ??# #??# #???????# ##????????????????????????? | | ??# #??# #???????# #?####???????????????????? | | ??# #??# #??######* ### #######?????????????? | | ??# #### #??#*%====!| ## # ##????????????? | | ??# ## #??#!#####! *=# #????????????? | | ??# ## ###??#%#???####=# #?????????????? | | ??# ## ####?#=#??????#!% @ #?????????????? | | ??# #?#|#??????#### #?????????????? | | ??####### #?# #????????# # #????????????? | | ????????#%### #????????# #???????????? | | ????????#!= #????????#### #??????????? | | ????????# #####???????????# * ##??????????? | | ????????# #??????????????? #???????????? | | ????????# #????????????? ??????????? | | ???????## #???????????# ##?????????? | | ??????## ##?????????# #?????????? | | ??????# ##?####???# =g ! ?????????? | | ??????# ! ## ##??# ????????? | | ??????## ] #??## # = ????????? | | ???????## #???# * !??????????? | | ????????# ##???## ## ###???????????? | | ????????# ##?????# #?????????????????? | | ????????### #?????? %#????????????????????? | | ??????????# ##?????? ?????????????????????? | | ??????????# #?????????? ?????????????????????? | | ??????????## ##????????????????????????????????? | | ???????????####?????????????????????????????????? | | ????????????????????????????????????????????????? | | ????????????????????????????????????????????????? | | ????????????????????????????????????????????????? | | ????????????????????????????????????????????????? | +----------------------------------------------------+ Best States ------------- Heat Dissipation 25 Energy Generation 10 Energy Capacity 250 Matter Stores 300 Matter Capacity 300 Sight Range 16 Terrain Scan Density 10 Armor Coverage 150 Evasion (%) 44 Recoil Reduction 1 Item Schematics ----------------- None Robot Schematics ------------------ None Fabricated ------------ Nothing Repaired ---------- Lgt. Treads | 6% | -10/Materials Ion Engine | 15% | -10/Materials Alien Tech Used ----------------- None Achievements -------------- None Challenges ------------ None Game ------ Seed RecoilPiercingLattice Manual? 0 Play Time 00:15:48 Cumulative 188.1 hours Start 2025.10.10 @ 19:21:42 End 2025.10.13 @ 20:48:11 Sessions 2 Manual Loads 0 Difficulty Rogue Special Mode None Game No. 58 Rogue 52 Adventurer 0 Explorer 6 Win Type - Total 10 Types 6/0/2/1/0/0/0/1/0/0 Lore% 75 Gallery% 67 Achievement% 65 Wizard Run 0 Options --------- Layout 1 ASCII 0 Keyboard 0 Movement Mouse Keybinds 0 Fullscreen 2 Font 24/Smallcaps Map View 50x35 Zoom Use 0% Tactical HUD 1 Map Filters NONE Filters NONE Steam 1 RUN: 5ad3f647-c499-42a2-bc65-7bbf924f2e11